 Dungeon Crawl Stone Soup version 0.24-a0-784-g601f8f6 (webtiles) character file.

Game seed: 589100466899902795, levelgen mode: deterministic

1114 DrEnzyme the Magician (level 8, -2/67 HPs)
             Began as a Naga Wanderer on Oct 8, 2019.
             Was an Elder of Cheibriados.
             Slain by an ogre
             ... wielding a +0 giant spiked club
              (29 damage)
             ... on level 7 of the Dungeon.
             The game lasted 00:25:29 (5733 turns).

DrEnzyme the Magician (Naga Wanderer)               Turns: 5733, Time: 00:25:29

Health: -2/67      AC:  8    Str: 25    XL:     8   Next: 34%
Magic:  17/17      EV: 14    Int: 22    God:    Cheibriados [****..]
Gold:   22         SH:  0    Dex: 20    Spells: 15/19 levels left

rFire    . . .     SeeInvis +   n - +1 whip (elec)
rCold    . . .     Gourm    .   (no shield)
rNeg     + + .     Faith    .   i - +1 leather armour {rN+}
rPois    +         Spirit   .   o - +2 helmet
rElec    .         Reflect  .   (no cloak)
rCorr    .         Harm     .   (no gloves)
MR       +....                  (no barding)
Stlth    +++.......             (no amulet)
HPRegen  0.21/turn              r - ring of positive energy (curse)
MPRegen  0.15/turn              p - +4 ring of evasion

@: about to teleport, very slow
A: large, see invisible, deformed body, poison resistance, slowness 2, slow
metabolism 1, spit poison 1, AC +2
a: Spit Poison, Bend Time, Temporal Distortion, Slouch, Renounce Religion


You were on level 7 of the Dungeon.
You worshipped Cheibriados.
Cheibriados was greatly pleased with you.
You were not hungry.

You visited 1 branch of the dungeon, and saw 7 of its levels.

You collected 262 gold pieces.
You spent 240 gold pieces at shops.

Inventory:

Hand Weapons
 a - a +2 dagger
 n - a +1 whip of electrocution (weapon)
 y - a +0 morningstar of crushing
Missiles
 g - 3 throwing nets
 m - 43 poisoned darts (quivered)
Armour
 i - a +1 leather armour of positive energy (worn)
 o - a +2 helmet (worn)
Jewellery
 p - a +4 ring of evasion (right hand)
 r - a cursed ring of positive energy (left hand)
 v - a cursed ring of teleportation {unknown}
 A - an uncursed ring of positive energy
Wands
 x - a wand of disintegration (11)
 z - a wand of flame (20)
Scrolls
 b - a scroll of fear
 e - 3 scrolls of remove curse
 l - a scroll of teleportation
 q - 2 scrolls of magic mapping
 s - a scroll of fog
 u - a scroll of blinking
Potions
 c - a potion of might {unknown}
 d - 2 potions of flight {unknown}
 h - a potion of agility
 j - a potion of resistance
 k - 2 potions of brilliance
 t - 4 potions of curing
 w - 4 potions of lignification
 B - a potion of cancellation {unknown}
 C - a potion of heal wounds
Comestibles
 f - 8 rations


   Skills:
 + Level 2.0 Fighting
 - Level 2.2 Short Blades
 * Level 3.3 Maces & Flails
 + Level 2.2 Throwing
 + Level 1.8 Armour
 + Level 2.1 Dodging
 * Level 6.0 Stealth
 + Level 6.0 Spellcasting
 + Level 2.0 Hexes
   Level 1.0 Necromancy
 + Level 2.0 Translocations
 * Level 3.0 Invocations
 + Level 1.0 Evocations


You had 15 spell levels left.
You knew the following spells:

 Your Spells              Type           Power        Failure   Level  Hunger
a - Confusing Touch       Hex            ###...       4%          1    None
b - Portal Projectile     Hex/Tloc       ###...       13%         3    #......

Your spell library contained the following spells:

 Spells                   Type           Power        Failure   Level  Hunger
 Animate Skeleton         Necr           N/A          7%          1    None
 Pain                     Necr           ##..         7%          1    None
 Freeze                   Ice            #...         10%         1    None
 Throw Frost              Conj/Ice       #.....       16%         2    None
 Vampiric Draining        Necr           ##........   21%         3    #......
 Regeneration             Chrm/Necr      #.........   24%         3    #......
 Ozocubu's Armour         Chrm/Ice       #.......     30%         3    #......
 Animate Dead             Necr           N/A          54%         4    ###....
 Summon Ice Beast         Ice/Summ       #.......     69%         4    ###....
 Throw Icicle             Conj/Ice       #.......     69%         4    ###....


Dungeon Overview and Level Annotations

Branches:
Dungeon (7/15)             Temple (0/1) D:6

Altars:
Ashenzari
Cheibriados
Dithmenos
Sif Muna
Trog
Wu Jian
Xom
Zin

Shops:
D:4 (   D:5 =   D:7 !

Annotations:
D:4 Grinder


Innate Abilities, Weirdness & Mutations

You cannot wear boots.
Your serpentine skin is tough. (AC +2)
You have supernaturally acute eyesight. (SInv)
Armour fits poorly on your strangely shaped body.
Your system is resistant to poisons. (rPois)
You cover ground very slowly.
You have a slow metabolism.
You can spit poison.


Message History

The ogre is lightly wounded.
The worker ant barely misses you.
A killer bee zombie comes into view.
An ogre comes into view. It is wielding a +0 giant spiked club.
The worker ant barely misses you.
Okay, then.
Press: ? - help, Shift-Dir - straight line, f - ogre
Aim: an ogre, wielding a +0 giant spiked club (lightly wounded, confused)
The splash of poison hits the ogre!
The ogre is heavily wounded.
You feel slightly more hungry.
The ogre hits you with a +0 giant spiked club!
A hound comes into view.
The worker ant completely misses you.
As you read the scroll of teleportation, it crumbles to dust.
You feel strangely unstable. The worker ant bites you.
You have got your breath back.
The worker ant misses you.
The ogre hits you with a +0 giant spiked club!!
You die...

..........<.#..........# .
.....>....†............#..
..........................
.......)................#
.......................#
.................†.....###
..$.......................
#.........................
#######..O.@....#######...
##..aO....# .. #..!.Z....#
#..........#
#...h.....#.#.. .
..#.O..........# 8y
##.................## ._.
..................... ..
..................... ..


You could see 3 ogres, a hound (wandering), a worker ant and a killer bee
zombie.

Vanquished Creatures
  2 ogres
  2 bullfrogs
  A killer bee (D:7)
  2 crimson imps (D:6)
  2 hounds
  2 jellies
  A gnoll shaman (D:5)
  4 orc wizards
  4 iguanas
  A worker ant (D:7)
  A hound zombie (D:5)
  8 gnolls
  3 river rats (D:5)
  10 adders
  2 oozes (D:3)
  A worm (D:3)
  2 leopard geckos
  17 orcs
  11 bats
  4 giant cockroaches
  4 goblins
  6 hobgoblins
  4 quokkas
  8 ball pythons
  7 frilled lizards
  7 kobolds
  A quokka skeleton (D:4)
  7 rats
124 creatures vanquished.

Notes
Turn   | Place    | Note
-------+----------+-------------------------------------------
     0 | D:1      | DrEnzyme the Naga Wanderer began the quest for the Orb.
     0 | D:1      | DrEnzyme set off with the following items: a +2 dagger, a
                  | scroll of fear, a potion of lignification, a +0 robe, a
                  | ration; and the following spell memorised: Confusing Touch;
                  | and the following spells available to memorise: Portal
                  | Projectile
     0 | D:1      | Reached XP level 1. HP: 15/15 MP: 6/6
   352 | D:1      | Reached XP level 2. HP: 22/22 MP: 8/8
   755 | D:2      | Found a faded altar of an unknown god.
   784 | D:2      | Reached XP level 3. HP: 19/28 MP: 9/9
  1093 | D:2      | Reached skill level 1 in Hexes
  1276 | D:2      | Found a shadowy altar of Dithmenos.
  1277 | D:2      | Found a bloodstained altar of Trog.
  1277 | D:2      | Found a shimmering blue altar of Sif Muna.
  1277 | D:2      | Found a shimmering altar of Xom.
  1280 | D:2      | Found a snail-covered altar of Cheibriados.
  1284 | D:2      | Became a worshipper of Cheibriados the Contemplative
  1504 | D:2      | Reached XP level 4. HP: 32/37 MP: 9/11
  1887 | D:3      | Reached * piety under Cheibriados
  1936 | D:3      | Reached skill level 1 in Short Blades
  1986 | D:3      | Learned a level 3 spell: Portal Projectile
  2192 | D:3      | Reached skill level 1 in Dodging
  2210 | D:3      | Reached skill level 1 in Armour
  2422 | D:3      | Reached ** piety under Cheibriados
  2422 | D:3      | Reached XP level 5. HP: 33/43 MP: 13/13
  2517 | D:4      | Noticed Grinder
  2564 | D:4      | Found Wiodwun's Antique Weapon Shoppe.
  2566 | D:4      | Noticed an ogre
  2579 | D:4      | Killed an ogre
  2579 | D:4      | Reached skill level 1 in Fighting
  2873 | D:4      | Reached XP level 6. HP: 34/51 MP: 12/14
  3711 | D:5      | Entered Level 5 of the Dungeon
  3711 | D:5      | Noticed a phantom
  3745 | D:5      | Reached skill level 1 in Throwing
  3818 | D:5      | Found a shattered altar of Ashenzari.
  3901 | D:5      | Reached skill level 1 in Maces & Flails
  3909 | D:5      | Reached *** piety under Cheibriados
  4092 | D:5      | Found Seghyghe's Jewellery Boutique.
  4248 | D:5      | Reached skill level 1 in Invocations
  4248 | D:5      | Reached XP level 7. HP: 50/58 MP: 13/15
  4270 | D:5      | HP: 2/58 [poisoned by an adder]
  4661 | D:6      | Found a staircase to the Ecumenical Temple.
  5149 | D:6      | Reached skill level 5 in Stealth
  5334 | D:6      | Reached **** piety under Cheibriados
  5498 | D:7      | Reached XP level 8. HP: 62/67 MP: 16/16
  5511 | D:7      | Found a glowing silver altar of Zin.
  5517 | D:7      | Found Budgh's Distillery.
  5533 | D:7      | Bought 2 potions of lignification for 72 gold pieces
  5533 | D:7      | Bought a potion of curing for 36 gold pieces
  5533 | D:7      | Bought a potion of curing for 36 gold pieces
  5533 | D:7      | Bought a potion of heal wounds for 60 gold pieces
  5533 | D:7      | Bought a potion of curing for 36 gold pieces
  5596 | D:7      | Found an ornate altar of the Wu Jian Council.
  5733 | D:7      | Slain by an ogre

Levels and vault maps discovered:
D:1:      mushboom_english_gardens, layout_rooms
D:2:      layout_rooms, minitemple, first_ration,
          chequers_ecumenical_altar_simple_redux, serial_bayou_pond_d,
          minmay_shallow_snake_nest
D:3:      layout_basic
D:4:      layout_basic, serial_shops,
          nicolae_shop_temple_entry_statues_fountains, uniq_grinder
D:5:      layout_rooms, evilmike_ruin_ashenzari, portal_sewer_entry_b,
          serial_shops, nicolae_shop_waterfront, minmay_misc_feat_x,
          serial_park_tiny_1
D:6:      layout_basic, minmay_temple_entry_tees
D:7:      layout_rooms, grunt_temple_overflow_growth_and_decay,
          chequers_temple_overflow_statue_of_worship, basic_altar, serial_shops,
          nicolae_shop_statue_plus, uniq_duvessa

Skill      XL: |  1  2  3  4  5  6  7  8 |
---------------+-------------------------+-----
Hexes          | 1 2 |  2.0
Short Blades   | 1 2 |  2.2
Dodging        | 1 2 |  2.1
Armour         | 1 |  1.8
Stealth        | 2 3 4 5 6 |  6.0
Fighting       | 1 2 |  2.0
Throwing       | 1 2 |  2.2
Maces & Flails | 1 2 3 |  3.3
Invocations    | 1 2 3 |  3.0
Spellcasting   | 6 |  6.0
Necromancy     | |  1.0
Translocations | |  2.0
Evocations     | |  1.0

Action                   |  1- 3 |  4- 6 |  7- 9 || total
-------------------------+-------+-------+-------++-------
Melee: Dagger            |    84 |   142 |       ||   226
       Whip              |       |    55 |   116 ||   171
Throw: Dart              |     6 |    46 |    35 ||    87
 Cast: Confusing Touch   |     7 |    14 |    14 ||    35
 Abil: Spit Poison       |    16 |    17 |    10 ||    43
  Use: Potion            |     2 |       |     6 ||     8
       Scroll            |       |     1 |    10 ||    11
 Stab: Confused          |     1 |     2 |     5 ||     8
       Sleeping          |       |     2 |     3 ||     5
  Eat: Chunk             |     2 |     6 |     4 ||    12
Armor: Robe              |    13 |    23 |     9 ||    45
       Skin              |    15 |    42 |       ||    57
       Leather armour    |    32 |    17 |    16 ||    65
Dodge: Dodged            |    40 |    92 |    79 ||   211

Table legend:
 A = Non-vault XP
 B = Vault XP
 C = Vault XP percentage of total XP
 D = Non-vault monster count
 E = Vault monster count
 F = Vault count percentage of total count
                 A         B        C        D         E       F
            +---------+---------+-------+---------+---------+-------
      Total |    1516 |      76 |   4.8 |     112 |      12 |   9.7
            +---------+---------+-------+---------+---------+-------
        D:1 |      23 |       0 |   0.0 |      14 |       0 |   0.0
        D:2 |      45 |      21 |  31.8 |      16 |       6 |  27.3
        D:3 |      80 |       0 |   0.0 |      25 |       0 |   0.0
        D:4 |     230 |       0 |   0.0 |      13 |       0 |   0.0
        D:5 |     213 |      55 |  20.5 |      13 |       6 |  31.6
        D:6 |     523 |       0 |   0.0 |      20 |       0 |   0.0
        D:7 |     402 |       0 |   0.0 |      11 |       0 |   0.0
            +---------+---------+-------+---------+---------+-------
